 Dungeon Crawl Stone Soup version 0.30.0-10-gfe55d96785 (webtiles) character file.

Game seed: 1770456938344310878

17875 juan097 the Cleaver (level 12, -3/94 (97) HPs)
             Began as a Minotaur Fighter on May 15, 2023.
             Was a Priest of Ru.
             Killed from afar by a hell hound (12 damage)
             ... with a blast of flame
             ... led by Azrael
             ... on level 12 of the Dungeon.
             The game lasted 00:19:54 (11997 turns).

juan097 the Cleaver (Minotaur Fighter)             Turns: 11997, Time: 00:19:55

HP:   -3/94 (97)    AC: 24    Str: 30    XL:     12   Next: 22%
MP:   0/11          EV: 10    Int:  3    God:    Ru [***...]
Gold: 331           SH:  0    Dex: 10    Spells: 11/11 levels left

rFire   . . .        a - +4 battleaxe (elec)
rCold   + . .        (shield currently unavailable)
rNeg    + . .        L - +6 plate armour "Xoevvafa" {rPois rN+ Stlth-}
rPois   +            (helmet restricted)
rElec   .            J - scarf {repulsion}
rCorr   .            M - +2 pair of gloves {Stlth+}
SInv    +            (no boots)
Will    .....        r - amulet of Neurosis {Spirit Fly rC+} Stlth
                     m - ring "Ocetopni" {Fly Str+4}
HPRegen 0.35/turn    B - ring of see invisible
MPRegen 0.12/turn

%: repel missiles, guardian spirit
@: flying, lightly drained
A: horns 2, dopey 1, frail 1, unskilled 1, retaliatory headbutt
a: Renounce Religion, Draw Out Power


You were on level 12 of the Dungeon.
You worshipped Ru.
Ru was most pleased with you.
You visited 2 branches of the dungeon, and saw 15 of its levels.
You also visited: Ice Cave.

You collected 796 gold pieces.
You spent 465 gold pieces at shops.

Inventory:

Hand Weapons
 a - a +4 battleaxe of electrocution (weapon)
 b - a +1 arbalest of freezing
 F - a +0 war axe
 T - a +0 sling
 V - a +0 hand crossbow of freezing
Missiles
 h - 26 poisoned darts (quivered)
 t - a curare-tipped dart
 y - 5 boomerangs of dispersal
 G - a boomerang
 I - 3 throwing nets
Armour
 c - a +0 buckler
 J - a scarf of repulsion (worn)
 L - the +6 plate armour "Xoevvafa" (worn) {rPois rN+ Stlth-}
   (You found it on level 6 of the Dungeon)

   rPois:     It protects you from poison.
   rN:        It protects you from negative energy.
   Stlth:     It makes you less stealthy.
 M - a +2 pair of gloves of stealth (worn)
 U - a +2 plate armour of cold resistance
Jewellery
 m - the ring "Ocetopni" (left hand) {Fly Str+4}
   (You found it on level 2 of the Dungeon)

   [ring of flight]

   Str:       It affects your strength (+4).
   Fly:       It grants you flight.
 r - the amulet of Neurosis (around neck) {Spirit Fly rC+}
   (You found it on level 3 of the Dungeon)

   [amulet of guardian spirit]

   It causes incoming damage to be divided between your reserves of health and
   magic.
   rC:        It protects you from cold.
   Fly:       It grants you flight.
 B - a ring of see invisible (right hand)
 H - a ring of positive energy
 K - a ring of flight
 N - a ring of poison resistance
 Q - an amulet of faith
Wands
 z - a wand of iceblast (6)
 R - a wand of polymorph (4)
Scrolls
 e - 5 scrolls of immolation
 i - 2 scrolls of magic mapping
 o - 2 scrolls of identify
 p - 5 scrolls of teleportation
 q - 3 scrolls of amnesia
 u - a scroll of brand weapon
 v - 4 scrolls of vulnerability
 w - 4 scrolls of poison
 C - 2 scrolls of enchant armour
 D - a scroll of fear
Potions
 d - a potion of might
 f - 3 potions of resistance
 g - 2 potions of magic {unknown}
 k - 3 potions of curing
 l - a potion of invisibility
 n - a potion of berserk rage
 s - 4 potions of flight {unknown}
 x - 2 potions of lignification {unknown}
 A - 2 potions of attraction {unknown}
 E - a potion of degeneration {unknown}
 O - a potion of mutation {unknown}
 P - a potion of ambrosia {unknown}
 S - a potion of heal wounds {unknown}


   Skills:
 + Level 10.6 Fighting
 * Level 14.3 Axes
 + Level 10.6 Armour
 - Level 6.0 Dodging
 - Level 4.0 Stealth
 - Level 5.1 Shields


You had 11 spell levels left.
You didn't know any spells.
Your spell library contained the following spells:

 Spells                   Type           Power      Damage    Failure   Level
 Apportation              Tloc           0%         N/A       99%         1
 Necrotise                Necr           0%         1d4       99%         1
 Summon Small Mammal      Summ           0%         N/A       99%         1
 Sublimation of Blood     Necr           0%         N/A       100%        2
 Wereblood                Tmut           0%         N/A       100%        2
 Ozocubu's Armour         Ice            0%         N/A       100%        3
 Passage of Golubria      Tloc           0%         N/A       100%        4
 Silence                  Hex/Air        0%         N/A       100%        5
 Ozocubu's Refrigeration  Ice            0%         4d7       100%        7
 Summon Hydra             Summ           0%         N/A       100%        7
 Lehudib's Crystal Spear  Conj/Erth      0%         10d2      100%        8


Dungeon Overview and Level Annotations

Branches:
Dungeon (14/15)            Temple (1/1) D:4            Lair (0/5) D:11
  IceCv (visited)
    Orc: D:9-12      Vaults: D:13-14

Altars:
Ashenzari
Cheibriados
Dithmenos
Elyvilon
Fedhas
Gozag
Hepliaklqana
Kikubaaqudgha
Makhleb
Nemelex Xobeh
Okawaru
Qazlal
Ru
Sif Muna
Trog
Uskayaw
Vehumet
Wu Jian
Xom
Yredelemnul
Zin
The Shining One

Shops:
D:8 [   D:10 =

Annotations:
D:7 3 runed translucent doors, qdestroyer's ghost, novice MiBe
D:12 Azrael


Innate Abilities, Weirdness & Mutations

You have a pair of horns on your head.
You are dopey. (Int -2)
You are frail. (-10% HP)
You are somewhat unskilled. (-1 Apt)
You reflexively headbutt those who attack you in melee.


Message History

The fire elemental is destroyed!
Your gnoll hits the fire elemental with a +0 club.
The fire elemental hits your gnoll. The fire elemental burns your gnoll!
Your gnoll dies!
Your gnoll's corpse dissolves into shadows!
Something completely misses your gnoll.
Your gnoll hits the fire elemental with a +0 spear.
The fire elemental misses your gnoll.
Your gnoll barely misses the fire elemental.
Your gnoll closely misses the fire elemental.
Your gnoll misses the fire elemental.
There is an open door here.
You feel better.
The fire elemental barely misses your gnoll.
The fire elemental hits your gnoll. The fire elemental burns your gnoll!
Your gnoll dies!
Your gnoll's corpse dissolves into shadows!
Your gnoll hits the fire elemental with a +0 whip.
Your gnoll hits the fire elemental with a +0 club.
Your unseen horror hits the fire elemental.
Your gnoll misses the fire elemental.
Your gnoll hits the fire elemental with a +0 whip.
Your unseen horror closely misses the fire elemental.
The fire elemental barely misses your unseen horror.
The hell hound closely misses your gnoll.
Your gnoll hits the fire elemental with a +0 club.
Your gnoll hits the fire elemental with a +0 whip.
The hell hound breathes flames at you.
The blast of flame hits your unseen horror!!
The blast of flame hits you!
* * * LOW HITPOINT WARNING * * *
The hell hound bites your unseen horror.
Your unseen horror closely misses the hell hound.
Your unseen horror hits the hell hound!
The hell hound bites your unseen horror but does no damage.
Your unseen horror hits the hell hound.
The hell hound barely misses your unseen horror.
The hell hound breathes flames at you. The blast of flame hits you!
You die...

,,,,,,,,,*,,,,,*,,,*
#..°E....#
*******+*********+#*
#.h○○....# ***,,*
###.# ##E#######
**,,,** #...# #○#
*,,*** #.### #E#####
**+*** ##.#####
#hE○○E# *,,<,*
#......# #####h###
*,,,,*#######).....#
#gEg.#
*,,,,*#......[>@x..#
#....#
**,,,,+..#####......#
#....# ,+,,,,****
#......##### #....#
**,,,,*
#......h..x####○...#
*,,,,*
#......###..hR○....+
*,,,,* ########
######....# *,,,,*
###### ******


You could see a hell hound (catching breath) and a friendly unseen horror
(summoned, invisible).

Vanquished Creatures
  A reaper (IceCv)
  Fannar (D:12)
  3 two-headed ogres
  Pikel (D:7)
  3 manticores
  A cyclops (D:9)
  2 ice statues (IceCv)
  A gargoyle (D:12)
  2 komodo dragons
  An unseen horror (D:10)
  A tengu conjurer (D:13)
  4 ice devils (IceCv)
  An anaconda simulacrum (IceCv)
  2 hornets (D:10)
  Prince Ribbit (D:5)
  Sigmund (D:5)
  A wraith (D:10)
  A vampire (D:11)
  2 wyverns
  20 yaks
  2 steam dragons
  2 fire elementals (D:12)
  A hydra simulacrum (IceCv)
  2 acid dragons
  A water moccasin (D:8)
  A hell hound (D:12)
  4 ice beasts
  2 black bears
  2 orc warriors
  2 sky beasts
  4 ogres
  3 centaurs
  A lemure (D:7)
  A phantom (D:6)
  3 kobold brigands
  A bullfrog (D:7)
  4 cane toad simulacra
  19 wights
  4 two-headed ogre simulacra
  An elephant simulacrum (IceCv)
  7 howler monkeys
  2 jellies
  An orc priest (D:7)
  A gnoll bouda (D:6)
  2 hounds
  A sleepcap (D:4)
  3 iguanas
  4 orc wizards
  8 troll simulacra
  A spriggan simulacrum (IceCv)
  A polar bear simulacrum (IceCv)
  2 wolf simulacra (IceCv)
  6 gnolls
  5 adders
  2 naga simulacra (IceCv)
  6 white imps
  4 ufetubi
  2 worms
  3 dart slugs
  21 orcs
  7 ball pythons
  9 endoplasms
  A giant cockroach (D:3)
  4 goblins
  8 hobgoblins
  2 jackals (D:3)
  3 quokkas
  6 bats
  3 frilled lizards
  20 kobolds
  6 rats
261 creatures vanquished.

Vanquished Creatures (collateral kills)
  A fire elemental (D:12)
1 creature vanquished.

Grand Total: 262 creatures vanquished

Notes
Turn   | Place    | Note
-------+----------+-------------------------------------------
     0 | D:1      | juan097 the Minotaur Fighter began the quest for the Orb.
     0 | D:1      | Reached XP level 1. HP: 19/19 MP: 0/0
   216 | D:1      | Reached XP level 2. HP: 27/27 MP: 1/1
   416 | D:1      | Reached skill level 3 in Axes
   878 | D:2      | Reached XP level 3. HP: 33/33 MP: 2/2
  1045 | D:2      | Identified the ring "Ocetopni" {Fly Str+4}
  1628 | D:3      | Identified the amulet of Neurosis {Spirit Fly rC+}
  1737 | D:3      | Reached skill level 1 in Dodging
  1990 | D:3      | Reached XP level 4. HP: 39/40 MP: 3/3
  2083 | D:3      | Found a faded altar of an unknown god.
  2203 | D:3      | Noticed an ogre
  2216 | D:3      | Killed an ogre
  2217 | D:3      | Reached skill level 4 in Axes
  2217 | D:3      | Reached skill level 1 in Stealth
  2217 | D:3      | Reached XP level 5. HP: 30/46 MP: 4/4
  2597 | D:4      | Found a staircase to the Ecumenical Temple.
  2613 | Temple   | Entered the Ecumenical Temple
  2797 | Temple   | Became a worshipper of Ru the Awakened
  2907 | D:4      | Noticed a black bear
  2916 | D:4      | Killed a black bear
  2917 | D:4      | Reached XP level 6. HP: 35/53 MP: 2/5
  3178 | D:4      | Reached skill level 5 in Axes
  3534 | D:5      | Entered Level 5 of the Dungeon
  3787 | D:5      | Noticed Sigmund
  3800 | D:5      | Killed Sigmund
  3801 | D:5      | Reached skill level 5 in Armour
  3801 | D:5      | Reached skill level 5 in Shields
  3801 | D:5      | Reached XP level 7. HP: 50/60 MP: 4/6
  3806 | D:5      | Reached skill level 5 in Fighting
  4236 | D:5      | Noticed Prince Ribbit
  4258 | D:5      | Killed Prince Ribbit
  4259 | D:5      | Reached skill level 6 in Axes
  4704 | D:6      | Reached XP level 8. HP: 26/69 MP: 1/7
  5101 | D:6      | Reached skill level 7 in Axes
  5119 | D:6      | Gained mutation: You are somewhat unskilled. (-1 Apt) [Ru
                  | sacrifice]
  5119 | D:6      | Reduced skill Fighting to level 5
  5119 | D:6      | Reduced skill Axes to level 6
  5119 | D:6      | Reduced skill Armour to level 5
  5119 | D:6      | Reached * piety under Ru
  5383 | D:6      | Found a blossoming altar of Fedhas.
  5710 | D:6      | Reached skill level 7 in Axes
  5814 | D:6      | Identified the +6 plate armour "Xoevvafa" {rPois rN+
                  | Stlth-}
  5948 | D:7      | Reached XP level 9. HP: 75/75 MP: 8/8
  6052 | D:7      | Reached skill level 8 in Axes
  6240 | D:7      | Identified the +0 ring mail of the Ward {Will+}
  6437 | D:7      | Found a runed translucent gate.
  6437 | D:7      | Found a runed translucent gate.
  6438 | D:7      | Noticed qdestroyer's ghost (novice MiBe)
  6439 | D:7      | Found a runed translucent gate.
  6594 | D:7      | Noticed Pikel
  6602 | D:7      | Killed Pikel
  6603 | D:7      | Reached skill level 5 in Dodging
  6804 | D:7      | Found an ornate altar of the Wu Jian Council.
  6940 | D:8      | Reached skill level 9 in Axes
  6993 | D:8      | Found a glowing silver altar of Zin.
  7058 | D:8      | Found a hazy altar of Hepliaklqana.
  7182 | D:8      | Reached XP level 10. HP: 80/86 MP: 7/9
  7268 | D:8      | Found a burning altar of Makhleb.
  7402 | D:8      | Noticed a two-headed ogre
  7408 | D:8      | Killed a two-headed ogre
  7409 | D:8      | Reached skill level 10 in Axes
  7511 | D:8      | Found Wihatamipa's Antique Armour Emporium.
  7516 | D:8      | Bought a glowing scarf for 240 gold pieces
  7516 | D:8      | Bought a pair of glowing gloves for 225 gold pieces
  7590 | D:8      | Gained mutation: You are dopey. (Int -2) [Ru sacrifice]
  7590 | D:8      | Reached ** piety under Ru
  8090 | D:9      | Found a snail-covered altar of Cheibriados.
  8119 | D:9      | Reached skill level 11 in Axes
  8208 | D:9      | Noticed a cyclops
  8216 | D:9      | Killed a cyclops
  8569 | D:9      | Found a sparkling altar of Nemelex Xobeh.
  8873 | D:10     | Entered Level 10 of the Dungeon
  8939 | D:10     | Noticed a two-headed ogre
  8950 | D:10     | Killed a two-headed ogre
  8951 | D:10     | Reached XP level 11. HP: 49/95 MP: 4/10
  9114 | D:10     | Found a shimmering altar of Xom.
  9124 | D:10     | Found a glowing golden altar of the Shining One.
  9126 | D:10     | Found a white marble altar of Elyvilon.
  9280 | D:10     | Reached skill level 12 in Axes
  9913 | D:10     | Found Yqeix's Jewellery Shoppe.
 10110 | D:11     | Found a staircase to the Lair.
 10166 | D:11     | You are sucked into a shaft and drop 3 floors!
 10178 | D:14     | Gained mutation: You are frail. (-10% HP) [Ru sacrifice]
 10178 | D:14     | Reached *** piety under Ru
 10218 | D:14     | Noticed a two-headed ogre
 10226 | D:14     | Killed a two-headed ogre
 10431 | D:13     | Noticed a tengu warrior
 10432 | D:13     | Noticed a purple ugly thing
 10448 | D:12     | Noticed Fannar
 10455 | D:12     | Reached skill level 13 in Axes
 10465 | D:12     | Killed Fannar
 10529 | D:12     | Found a frozen archway.
 10566 | D:12     | Reached skill level 10 in Fighting
 10660 | D:12     | Reached skill level 10 in Armour
 10700 | IceCv    | Entered an ice cave
 11068 | IceCv    | Reached XP level 12. HP: 53/95 MP: 7/11
 11555 | IceCv    | Noticed a reaper
 11641 | IceCv    | Killed a reaper
 11642 | IceCv    | Reached skill level 14 in Axes
 11925 | D:12     | Noticed Azrael
 11997 | D:12     | Killed from afar by a hell hound

Illustrated notes

Levels and vault maps discovered:
D:1:      dpeg_arrival_three_same_balls, layout_basic, bh_walls_and_bars
D:2:      layout_basic
D:3:      minmay_evil_eye, layout_basic, shapermc_ecumenical_altar_acropolis
D:4:      layout_loops_corners, temple_green
D:5:      layout_basic, minmay_misc_feat_enclosed, dk_noncrumbling_2,
          serial_bayou_lagoon_a, uniq_sigmund, uniq_prince_ribbit1
D:6:      layout_rooms, fedhas_bush_and_centaur_altar, kennysheep_generic_room_4
D:7:      minmay_spotlight, layout_basic, mainiacjoe_overflow_alcove_2,
          ebering_ghost_rock_garden, uniq_pikel
D:8:      layout_loops_ring, makhleb_blood_cavern_becter, amcnicky_altar_gilded,
          mainiacjoe_overflow_surrounded_room, serial_shops,
          kennysheep_little_box
D:9:      layout_loops_ring, mainiacjoe_overflow_brackets,
          nemelex_diamond_rough_becter, dk_noncrumbling_3,
          minmay_fractal_squares_diagonal_5
D:10:     layout_long_grid, nicolae_overflow_hidden_temple, serial_shops,
          nicolae_shop_advertising_works [nicolae_subvault_shop_adworks],
          nicolae_nh_ransacked_shop
D:11:     layout_cave_pools, lair_entry_dummy, erik_orc_3
D:12:     layout_roguey, portal_ice_cave_entry_ice_simulacra,
          serial_bayou_ford_a, uniq_azrael, uniq_fannar
D:13:     layout_cave_pools, gauntlet_entry_generic, chequers_jeans
D:14:     layout_cave_pods, erik_vaults_1, minmay_misc_feat_four_crosses
Temple:   nicolae_temple_slightly_damp_pantheon

Skill      XL: |  1  2  3  4  5  6  7  8  9 10 11 12 |
---------------+-------------------------------------+-----
Axes           | 3 4 5 6 7 9 11 13 14 | 14.3
Armour         | 4 5 5 7 8 10 | 10.6
Shields        | 4 5 |  5.1
Dodging        | 1 2 3 4 5 6 |  6.0
Fighting       | 4 5 5 7 8 10 | 10.6
Stealth        | 1 2 3 4 |  4.0

Action                     |  1- 3 |  4- 6 |  7- 9 | 10-12 || total
---------------------------+-------+-------+-------+-------++-------
  Melee: War axe           |    90 |    76 |   103 |       ||   269
         Headbutt          |     5 |    13 |    30 |    58 ||   106
         Battleaxe         |       |       |    80 |   282 ||   362
         Punch             |       |       |     1 |       ||     1
   Fire: Sling             |       |     6 |     6 |    18 ||    30
         Arbalest          |       |       |       |    90 ||    90
  Throw: Dart              |     2 |       |     5 |    10 ||    17
 Invoke: Sacrifice Skill   |       |       |     1 |       ||     1
         Sacrifice Purity  |       |       |       |     1 ||     1
         Draw Out Power    |       |       |       |     2 ||     2
         Sacrifice Health  |       |       |       |     1 ||     1
    Use: Scroll            |       |       |     8 |     9 ||    17
         Potion            |       |       |     2 |     1 ||     3
 Armour: Scale mail        |    53 |    32 |    43 |       ||   128
         Plate armour      |       |       |    50 |   210 ||   260
  Dodge: Dodged            |    45 |    40 |   124 |   107 ||   316
         Repelled          |       |       |       |    12 ||    12
  Block: Buckler           |    28 |    17 |    10 |       ||    55
